 Dungeon Crawl Stone Soup version 0.31-a0-574-g69dc8cc98e (webtiles) character file.

Game seed: 4913239829581665194

23 thirtiethelement the Ruffian (level 2, -1/21 HPs)
             Began as a Demonspawn Shapeshifter on Aug 19, 2023.
             Slain by an orc priest
             ... wielding a +0 hand axe
              (6 damage)
             ... on level 1 of the Dungeon.
             The game lasted 00:02:10 (685 turns).

thirtiethelement the Ruffian (DsSh)                  Turns: 685, Time: 00:02:11

Health: -1/21      AC:  5    Str: 15    XL:     2   Next: 75%
Magic:  2/2        EV: 11    Int:  9    God:
Gold:   15         SH:  0    Dex: 13    Spells: 1/1 levels left

rFire   . . .        f - +0 dagger
rCold   + . .        (no shield)
rNeg    . . .        h - +0 ring mail
rPois   .            (helmet currently unavailable)
rElec   .            (cloak currently unavailable)
rCorr   .            (gloves currently unavailable)
SInv    .            (boots currently unavailable)
Will    +....        (no amulet)
Stlth   +            k - ring of protection from cold
HPRegen 0.23/turn    l - ring of willpower
MPRegen 0.08/turn

%: no passive effects
@: beast-form
A: beast (slay +1), powered by death 1
a: Begin Untransformation


You were on level 1 of the Dungeon.
You were a hulking beast.
You visited 1 branch of the dungeon, and saw 2 of its levels.

You collected 15 gold pieces.

Inventory:

Hand Weapons
 f - a +0 dagger (weapon)
Armour
 a - a +0 animal skin
 e - a +0 helmet
 h - a +0 ring mail (worn)
Jewellery
 k - a ring of protection from cold (left hand)
 l - a ring of willpower (right hand)
Talismans
 c - a beast talisman (active)
 d - a flux talisman
Scrolls
 g - a scroll of immolation {unknown}
 m - a scroll of revelation {unknown}
Potions
 b - a potion of lignification
 i - a potion of enlightenment {unknown}
 j - a potion of degeneration {unknown}
 n - a potion of curing {unknown}


   Skills:
 + Level 1.1 Fighting
 + Level 0.4 Short Blades
 + Level 0.2 Armour
 + Level 1.9 Dodging
 + Level 0.4 Stealth
 + Level 3.0 Unarmed Combat
 + Level 2.9 Shapeshifting


You had one spell level left.
You didn't know any spells.
Your spell library contained the following spells:

 Spells                   Type           Power      Damage    Failure   Level
 Blink                    Tloc           0%         N/A       77%         2
 Lesser Beckoning         Tloc           0%         N/A       77%         2
 Momentum Strike          Conj/Tloc      0%         3d8       77%         2


Dungeon Overview and Level Annotations

Branches:
Dungeon (2/15)

Altars:

Annotations:
D:2 Jessica


Innate Abilities, Weirdness & Mutations

You are a hulking beast.
Your limbs bulge with bestial killing power. (Slay +1)
You regenerate a little health from kills.


Message History

The orc hits you but does no damage. The orc priest barely misses you.
You climb upwards.
There is a stone staircase leading down here.
You hit the orc priest but do no damage.
The orc hits you but does no damage.
The orc priest hits you with a +0 hand axe.
You barely miss the orc priest. The orc hits you but does no damage.
The orc priest hits you with a +0 hand axe.
You hit the orc priest but do no damage.
The orc closely misses you. The orc priest misses you.
You hit the orc priest but do no damage.
You closely miss the orc priest. The orc barely misses you.
The orc priest hits you with a +0 hand axe.
You hit the orc priest.
The orc priest is lightly wounded.
The orc hits you but does no damage.
The orc priest mumbles some strange prayers to Beogh against you.
You resist with significant effort.
You hit the orc priest.
The orc priest is moderately wounded.
The orc completely misses you.
The orc priest hits you with a +0 hand axe.
You hit the orc priest but do no damage.
The orc priest is moderately wounded.
The orc hits you with a +0 dagger. The orc priest misses you.
You barely miss the orc priest.
The orc priest is moderately wounded.
The orc closely misses you.
The orc priest hits you with a +0 hand axe.
You hit the orc priest.
The orc priest is heavily wounded.
The orc completely misses you.
The orc priest invokes the aid of Beogh against you.
Pain shoots through your body!
* * * LOW HITPOINT WARNING * * *
You hit the orc priest.
The orc priest is heavily wounded.
The orc hits you but does no damage.
The orc priest hits you with a +0 hand axe.
You die...

#....#..#.
######..#.##...
########.......#.###..
#.........#....#...##.
#.........########.#..
#.........### #.#.#
#...........######...#
#.........#.....##..~#
#...oho...#####.....≈≈
########### #####≈.≈
###≈.# #≈≈~## ####.#
#.≈# ##≈~# #≈~##
##≈.#.


You could see an orc priest and an orc.

Vanquished Creatures
  3 bats (D:1)
  An endoplasm (D:1)
  2 goblins (D:1)
  4 hobgoblins (D:1)
  2 kobolds (D:1)
  3 quokkas (D:1)
  2 ball pythons (D:1)
  A frilled lizard (D:1)
  2 rats (D:1)
20 creatures vanquished.

Notes
Turn   | Place    | Note
-------+----------+-------------------------------------------
     0 | D:1      | thirtiethelement the Demonspawn Shapeshifter began the
                  | quest for the Orb.
     0 | D:1      | Reached XP level 1. HP: 15/15 MP: 1/1
   221 | D:1      | Gained mutation: You regenerate a little health from kills.
                  | [demonic ancestry]
   221 | D:1      | Reached XP level 2. HP: 20/21 MP: 2/2
   349 | D:1      | Reached skill level 3 in Unarmed Combat
   360 | D:1      | Found a faded altar of an unknown god.
   670 | D:2      | Noticed Jessica
   685 | D:1      | Slain by an orc priest

Illustrated notes

Levels and vault maps discovered:
D:1:      co_arrival_random_square_maze, layout_rooms, serial_rivers,
          chequers_serial_rivers_micro_c, chequers_serial_rivers_marsh,
          chequers_serial_rivers_small_b, chequers_serial_rivers_micro_a,
          basic_ecumenical_altar
D:2:      layout_rooms, uniq_jessica

Skill      XL: |  1  2 |
---------------+-------+-----
Unarmed Combat | 3 |  3.0
Fighting       | |  1.1
Short Blades   | |  0.4
Armour         | |  0.2
Dodging        | |  1.9
Stealth        | |  0.4
Shapeshifting  | |  2.9

Action                     || total
---------------------------++-------
  Melee: Unarmed           ||    18
         Dagger            ||    68
   Stab: Sleeping          ||     1
 Armour: Ring mail         ||    27
         Animal skin       ||     3
  Dodge: Dodged            ||    63

Table legend: (Time is in decaauts)
 A = Elapsed time spent in this place.
 B = Non-inter-level travel time spent in this place.
 C = Inter-level travel time spent in this place.
 D = Time resting spent in this place.
 E = Time spent auto-exploring this place.
 F = Levels seen in this place.
 G = Mean time per level.
                   A        B        C        D        E       F      G
               +--------+--------+--------+--------+--------+-----+--------+
         Total |    687 |    681 |      6 |      0 |    463 |   2 |  343.5 |
       Dungeon |    687 |    681 |      6 |      0 |    463 |   2 |  343.5 |
               +--------+--------+--------+--------+--------+-----+--------+

Top non-repeatable levels by time:
     D:1: 684 daAuts
     D:2: 3 daAuts
